 Dungeon Sprint DCSS version 0.17-a0-1575-g9a29ec8 (webtiles) character file.

158 nuthulu the Protected (level 8, -6/57 HPs)
             Began as a Gargoyle Fighter on July 26, 2015.
             Was a Follower of Okawaru.
             Mangled by the 27-headed Lernaean hydra (10 damage)
             ... in the Dungeon (Sprint VI: "Thunderdome").
             The game lasted 00:05:10 (555 turns).

nuthulu the Protected (Gargoyle Fighter)             Turns: 555, Time: 00:05:10

Health: -6/57      AC: 16    Str: 31    XL:     8   Next: 1%
Magic:  0/17       EV: 12    Int:  8    God:    Okawaru [*.....]
Gold:   161        SH: 15    Dex: 11    Spells: 0 memorised, 7 levels left

rFire  + + +     SeeInvis +     a - +0 flail
rCold  . . .     Clarity  .     b - +0 scale mail
rNeg   + + .     SustAt   .     c - +0 shield
rPois  ∞         Gourm    .     (no helmet)
rElec  +         Spirit   +     s - +0 cloak
rCorr  .         Warding  .     (no gloves)
rMut   .         NoTele   +     (no boots)
MR     .....                    p - amulet "Rybbulum" {Spirit *Drain rF+++ rN+ SInv}
Stlth  +.........               q - ring "Qeihun" {MP+9 Str+6}
                                r - ring of Mirth {+Fly Str+4}

@: heroism, very slightly contaminated, not resistant to hostile enchantments,
very unstealthy
A: negative energy resistance 1, electricity resistance, unbreathing,
petrification resistance, rot immunity, AC +5
a: Heroism, Renounce Religion, Evoke Flight


You were in the Dungeon.
You worshipped Okawaru.
Okawaru was aware of your devotion.
You were not hungry.

You visited 1 branch You collected 500 gold pieces.
You spent 339 gold pieces at shops.

Inventory:

Hand weapons
 a - a +0 flail (weapon)
Armour
 b - a +0 scale mail (worn)
 c - a +0 shield (worn)
 s - a +0 cloak (worn)
Jewellery
 p - the amulet "Rybbulum" (around neck) {Spirit *Drain rF+++ rN+ SInv}
   (You bought it in a shop in the Dungeon)

   [amulet of guardian spirit]

   It causes incoming damage to be split between your health and magic.
   It renders you almost immune to fire.
   It protects you from negative energy.
   It lets you see invisible.
   It causes draining when unequipped.
 q - the ring "Qeihun" (right hand) {MP+9 Str+6}
   (You bought it in a shop in the Dungeon)

   [ring of magical power]

   It affects your strength (+6).
   It affects your magic capacity (+9).
 r - the ring of Mirth (left hand) {+Fly Str+4}
   (You bought it in a shop in the Dungeon)

   [ring of flight]

   It affects your strength (+4).
   It lets you fly.
Magical devices
 l - a wand of cold (2)
 m - a wand of fire (0)
Scrolls
 k - 3 scrolls of blinking
 n - 3 scrolls of fog
Potions
 f - a potion of curing
 g - 5 potions of heal wounds
 h - 4 potions of haste
 i - 2 potions of magic
 j - a potion of berserk rage
 o - a potion of resistance
Comestibles
 e - a bread ration


   Skills:
 + Level 9.8(14.8) Fighting
 + Level 8.8(13.8) Maces & Flails
 + Level 9.9(14.9) Armour
 + Level 9.9(14.9) Shields


You had 7 spell levels left.
You didn't know any spells.

Dungeon Overview and Level Annotations

Branches:
Dungeon (1/1)

Altars:
Cheibriados
Dithmenos
Fedhas
Gozag
Kikubaaqudgha
Makhleb
Okawaru
Qazlal
Ru
Sif Muna
Trog
Vehumet
Xom
Yredelemnul
Zin
The Shining One
Jiyva
Lugonu

Shops:
D *[%??*?*:[((!!!!

Annotations:
D Lernaean hydra


Innate Abilities, Weirdness & Mutations

You are resistant to torment.
Your stone body is resilient (AC +5).
You are immune to poison.
You resist negative energy.
You are resistant to electric shocks.
You can survive without breathing.
You are immune to petrification.
You are immune to rotting.


Message History

You gain the combat prowess of a mighty hero.
You feel slightly more hungry.
You block the 27-headed Lernaean hydra's attack.
The 27-headed Lernaean hydra barely misses you.
The 27-headed Lernaean hydra bites you. The 27-headed Lernaean hydra bites you!
You block the 27-headed Lernaean hydra's attack.
The 27-headed Lernaean hydra bites you. The 27-headed Lernaean hydra bites you!
* * * LOW HITPOINT WARNING * * *
You block the 27-headed Lernaean hydra's attack. x2
The 27-headed Lernaean hydra closely misses you.
The 27-headed Lernaean hydra bites you.
* * * LOW HITPOINT WARNING * * *
The 27-headed Lernaean hydra misses you.
You block the 27-headed Lernaean hydra's attack.
The 27-headed Lernaean hydra bites you.
* * * LOW HITPOINT WARNING * * *
The 27-headed Lernaean hydra barely misses you.
The 27-headed Lernaean hydra bites you but does no damage.
The 27-headed Lernaean hydra bites you!
You die...

###.........###
#⌠.......(...⌠#
###.8.........8.######
__......###....)(___∩##
......8.# #.8.(......∩###
........###.)...........##
.....###...###..........⌠#
.....# #.<.# #..((......⌠#
.....###.((###..@D(.....⌠#
........###)............##
......8.# #.8........∩###
._......###......_._∩##
###.8...†.....8.######
#⌠...........⌠#
###.........###
#_......._# #_.%....._#


You could see the 27-headed Lernaean hydra.

Vanquished Creatures
  2 fire elementals (D)
  A mottled dragon (D)
  An insubstantial wisp (D)
  A soldier ant (D)
  5 worker ants (D)
  2 adders (D)
  4 kobolds (D)
16 creatures vanquished.

Vanquished Creatures (others)
  2 kobolds (D)
2 creatures vanquished.

Grand Total: 18 creatures vanquished

Notes
Turn   | Place    | Note
--------------------------------------------------------------
     0 | D        | nuthulu the Gargoyle Fighter began the quest for the Orb.
     0 | D        | Reached XP level 1. HP: 14/14 MP: 1/1
     1 | D        | Found a glowing golden altar of the Shining One.
     1 | D        | Found a bloodstained altar of Trog.
     2 | D        | Found a blossoming altar of Fedhas.
     3 | D        | Found a stormy altar of Qazlal.
     4 | D        | Found Omoemuam's Identification Station.
     4 | D        | Found an ancient bone altar of Kikubaaqudgha.
     4 | D        | Found a corrupted altar of Lugonu.
     4 | D        | Found Okoi's Bee Food.
     5 | D        | Found Coale's Advanced Armour.
     5 | D        | Found Loipp's Jewellery.
     5 | D        | Round 1.
     7 | D        | Found a burning altar of Makhleb.
     8 | D        | Found a deep blue altar of Sif Muna.
     8 | D        | Found a shimmering altar of Xom.
     8 | D        | Found an opulent altar of Gozag.
     8 | D        | Found Juojugre's Premium Goods.
     8 | D        | Found Azuy's Weapon Rack.
     9 | D        | Found Qour Jex's Miscellaneous Merchandise.
     9 | D        | Found Lefipec's Basic Armour.
    12 | D        | Found a radiant altar of Vehumet.
    14 | D        | Found an iron altar of Okawaru.
    15 | D        | Found Ferag's Do-It-Yourself Clinic.
    15 | D        | Found a snail-covered altar of Cheibriados.
    15 | D        | Found a sacrificial altar of Ru.
    15 | D        | Found a basalt altar of Yredelemnul.
    15 | D        | Found Ziuschor's Distillery.
    16 | D        | Found Sauduoc's Bottled Wisdom.
    16 | D        | Found Apeatzia's Distillery.
    22 | D        | Became a worshipper of Warmaster Okawaru
    34 | D        | Reached skill level 4 in Armour
    34 | D        | Reached XP level 2. HP: 14/20 MP: 2/2
    63 | D        | Bought a glittering bone amulet for 45 gold pieces
    63 | D        | Bought a scintillating glass ring for 45 gold pieces
    63 | D        | Bought a faintly glowing turquoise ring for 45 gold pieces
    63 | D        | Identified the ring of Mirth {+Fly Str+4} (You bought it in a shop in the Dungeon)
    64 | D        | Identified the amulet of Nylimn {Stasis rC+ Str-3 Int-2 Dex+5} (You bought it in a shop in the Dungeon)
    65 | D        | Identified the ring "Qeihun" {MP+9 Str+6} (You bought it in a shop in the Dungeon)
    68 | D        | Bought a translucent diamond amulet for 45 gold pieces
    68 | D        | Identified the amulet "Rybbulum" {Spirit *Drain rF+++ rN+ SInv} (You bought it in a shop in the Dungeon)
    76 | D        | Arena points: 3 (+3) [x1]
    91 | D        | Round 2.
   101 | D        | Reached XP level 3. HP: 3/25 MP: 3/3
   128 | D        | Reached skill level 5 in Fighting
   128 | D        | Reached skill level 5 in Armour
   128 | D        | Reached skill level 5 in Shields
   128 | D        | Reached XP level 4. HP: 5/31 MP: 4/4
   142 | D        | Noticed a soldier ant
   151 | D        | Killed a soldier ant
   151 | D        | Acquired Okawaru's first power
   151 | D        | Reached skill level 6 in Fighting
   151 | D        | Reached skill level 7 in Armour
   151 | D        | Reached XP level 5. HP: 35/37 MP: 5/5
   153 | D        | Found a shadowy altar of Dithmenos.
   166 | D        | Found a glowing silver altar of Zin.
   166 | D        | Found a viscous altar of Jiyva.
   167 | D        | Found Ziriz's Staff Store.
   167 | D        | Found Vomoceok's Magic Scroll Shop.
   168 | D        | Found Sumeen's Must-Have Magic.
   168 | D        | Found Nysawnoe's Magic Scroll Shop.
   222 | D        | Arena points: 31 (+28) [x2]
   222 | D        | Reached XP level 6. HP: 35/44 MP: 6/6
   262 | D        | Bought a +0 cloak for 54 gold pieces
   264 | D        | Round 3.
   350 | D        | Arena points: 94 (+63) [x3]
   406 | D        | Round 4.
   415 | D        | Noticed a fire elemental
   418 | D        | Noticed a fire elemental
   419 | D        | Noticed a mottled dragon
   427 | D        | Killed a fire elemental
   427 | D        | Reached skill level 8 in Fighting
   435 | D        | Noticed a fire bat
   439 | D        | Killed a mottled dragon
   439 | D        | Reached XP level 7. HP: 45/50 MP: 7/7
   444 | D        | Noticed a fire bat
   447 | D        | Killed a fire elemental
   447 | D        | Reached skill level 9 in Fighting
   468 | D        | Arena points: 158 (+64) [x4]
   483 | D        | Round 5.
   511 | D        | Reached XP level 8. HP: 40/57 MP: 8/8
   526 | D        | Noticed the 27-headed Lernaean hydra
   543 | D        | Bought 3 potions of heal wounds for 105 gold pieces
   555 | D        | Mangled by the 27-headed Lernaean hydra

Vault maps used:
D:        arena_sprint

Action                   |  1- 3 |  4- 6 |  7- 9 || total
-------------------------+-------+-------+-------++-------
Melee: Flail             |    26 |    46 |    27 ||    99
Throw: Stone             |       |     1 |       ||     1
Invok: Heroism           |       |     1 |     1 ||     2
Evoke: Wand              |       |       |     8 ||     8
  Use: Potion            |       |     3 |       ||     3
       Scroll            |       |       |     1 ||     1
